 Dungeon Crawl Stone Soup version 0.20-a0-187-ge5586d949a (webtiles) character file.

8694 KristoblXynda the Cleaver (level 11, -1/73 HPs)
             Began as a Yellow Draconian Fighter on Nov 23, 2016.
             Was a Believer of Qazlal.
             Slain by a red ugly thing (21 damage)
             ... on level 11 of the Dungeon.
             The game lasted 00:18:31 (10120 turns).

KristoblXynda the Cleaver (DrFi)                   Turns: 10120, Time: 00:18:32

Health: -1/73      AC: 13    Str: 19    XL:     11   Next: 13%
Magic:  16/16      EV: 14    Int: 10    God:    Qazlal [**....]
Gold:   460        SH: 18    Dex: 10    Spells: 10/10 levels left

rFire  . . .     SeeInvis .     B - +0 war axe (curse)
rCold  + . .     Gourm    .     (armour unavailable)
rNeg   + + .     Faith    .     n - +3 shield
rPois  +         Spirit   .     (helmet restricted)
rElec  .         Reflect  .     w - +2 ratskin cloak {rPois rN+ Int-1 Dex-1}
rCorr  +         Harm     .     i - +1 pair of gloves
MR     +....                    o - +0 pair of boots
Stlth  +.........               (no amulet)
                                y - ring of positive energy
                                p - ring of protection from cold

@: lethally poisoned (-1 -> -5), short of breath
A: spit acid, acid resistance, unfitting armour, hooves 2, blurry vision 2,
frail 1, magic resistance 1, sense surroundings 1, no device heal 1,
cold-blooded, AC +7
a: Breathe Acid, Upheaval, Renounce Religion


You were on level 11 of the Dungeon.
You worshipped Qazlal.
Qazlal was pleased with you.
You were not hungry.

You visited 4 branches of the dungeon, and saw 14 of its levels.
You also visited: Ossuary.

You collected 775 gold pieces.
You spent 315 gold pieces at shops.

Inventory:

Hand Weapons
 a - a +1 war axe
 h - a +1 whip of flaming
 B - a cursed +0 war axe (weapon)
Missiles
 m - a throwing net (quivered)
 D - 3 poisoned javelins
Armour
 i - a +1 pair of gloves (worn)
 j - a +1 cloak
 n - a +3 shield (worn)
 o - a +0 pair of boots (worn)
 w - the +2 ratskin cloak (worn) {rPois rN+ Int-1 Dex-1}
   (You found it on level 6 of the Dungeon)

   It affects your intelligence (-1).
   It affects your dexterity (-1).
   It protects you from poison.
   It protects you from negative energy.
Jewellery
 p - a ring of protection from cold (left hand)
 y - a ring of positive energy (right hand)
 z - an uncursed amulet of magic regeneration {unknown}
Wands
 r - a wand of teleportation (2/9)
 x - a wand of iceblast (5/15)
Scrolls
 g - 4 scrolls of teleportation
 u - 2 scrolls of enchant armour
Potions
 b - 2 potions of lignification
 c - 4 potions of cancellation
 e - a potion of brilliance
 f - 3 potions of might
 l - a potion of ambrosia
 q - a potion of agility
 s - a potion of heal wounds
 t - 2 potions of haste
 v - 2 potions of mutation {unknown}
 C - a potion of invisibility {unknown}
Comestibles
 d - 6 bread rations
 k - 2 fruits
 A - 7 slices of pizza


   Skills:
 - Level 3.2 Fighting
 - Level 10.5 Axes
 + Level 6.8 Dodging
 + Level 10.5 Shields
 + Level 7.3 Invocations


You had 10 spell levels left.
You didn't know any spells.

Dungeon Overview and Level Annotations

Branches:
Dungeon (11/15)            Temple (1/1) D:6            Lair (1/6) D:9
    Orc (1/2) D:9

Altars:
Ashenzari
Cheibriados
Dithmenos
Elyvilon
Fedhas
Gozag
Hepliaklqana
Kikubaaqudgha
Makhleb
Nemelex Xobeh
Okawaru
Qazlal
Ru
Sif Muna
Trog
Uskayaw
Vehumet
Xom
Yredelemnul
Zin
The Shining One

Shops:
D:5 [   D:7 *   D:8 *

Portals:
Trove: D:10 (give horn of Geryon)

Annotations:
D:11 1 runed door


Innate Abilities, Weirdness & Mutations

You can spit globs of acid.
You are resistant to acid.
Your golden yellow scales are hard. (AC +7)
You cannot fit into any form of body armour.
You are cold-blooded and may be slowed by cold attacks.
You have hoof-like feet.
Scrolls take you longer to read.
You are frail. (-10% HP)
You are resistant to hostile enchantments. (MR+)
You passively map a small area around you.
Potions and wands are less effective at restoring your health.


Message History

Your shield prevents you from hitting the necrophage.
You tail-slap the necrophage.
The necrophage is moderately damaged.
You hit the red ugly thing. You slash the worker ant!
You block the red ugly thing's attack. You block the worker ant's attack.
You block the necrophage's attack.
An orc warrior comes into view. It is wielding a dire flail.
The orc warrior shouts!
You slash the necrophage!
You tail-slap the necrophage, but do no damage.
The necrophage is heavily damaged.
You completely miss the worker ant. You hit the red ugly thing.
You block the worker ant's attack. You block the red ugly thing's attack.
The necrophage hits you but does no damage.
The worker ant bites you.
You are poisoned.
The worker ant poisons you! The red ugly thing tail-slaps you.
* * * LOW HITPOINT WARNING * * *
You are engulfed in flames!!
You die...

#.##.....#####.
** #.
#........... *
,,, ..
###.##o..## *
*** #.#.....# *
#.......# *
###.....#####.
*,*
##...o...... ,*
##.an####* * *
* ###@# #u# *
#.# ** ,
#######.# *
........### *
#####..†!.#
#..###..#* *
#...##A##..#
#..# #a#*#..#


You could see an angel, a red ugly thing, an orc warrior, a necrophage, a worker
ant and an orc.

Vanquished Creatures
  A hill giant (D:7)
  An ugly thing (D:9)
  A gargoyle (D:10)
  A komodo dragon (D:9)
  A guardian mummy (D:10)
  A hornet (D:10)
  4 hippogriffs
  Sigmund (D:3)
  A shadow (D:7)
  4 hogs (D:7)
  A human (D:7)
  A warg (Orc:1)
  2 water moccasins
  A black bear (D:3)
  4 ogres
  2 ice beasts
  2 phantoms
  3 sky beasts
  4 orc warriors
  6 centaurs
  The ghost of DEFE the Shooter, an amateur HEAM (D:4)
  A crocodile (D:8)
  2 big kobolds
  7 bullfrogs
  2 scorpions
  2 howler monkeys
  2 vampire bats (D:5)
  3 crimson imps
  2 bullfrog zombies
  4 centaur zombies
  4 hounds
  4 jellies
  3 centaur skeletons
  6 orc priests
  2 human zombies (Ossuary)
  Ijyb (D:2)
  2 iguanas
  4 orc wizards
  8 worker ants
  A killer bee zombie (D:3)
  A big kobold zombie (Ossuary)
  A hound skeleton (D:6)
  2 mummies (Ossuary)
  A howler monkey zombie (D:8)
  A worker ant zombie (D:8)
  Robin (D:2)
  7 gnolls
  12 adders
  A shadow imp (D:7)
  4 oozes
  3 adder skeletons
  2 worms
  3 dart slugs
  7 leopard geckos
  21 orcs
  8 bats
  2 bat skeletons (D:5)
  3 bat zombies (D:5)
  2 giant cockroaches
  11 hobgoblins
  5 jackals
  4 quokkas
  4 frilled lizards
  A giant cockroach zombie (D:5)
  13 goblins
  A goblin zombie (Ossuary)
  7 hobgoblin zombies (Ossuary)
  3 jackal zombies
  16 kobolds
  16 kobold zombies (Ossuary)
  4 orc zombies (Ossuary)
  10 rats
  A rat zombie (Ossuary)
281 creatures vanquished.

Vanquished Creatures (others)
  An orc wizard (D:8)
  5 plants (D:9)
6 creatures vanquished.

Grand Total: 287 creatures vanquished

Notes
Turn   | Place    | Note
-------+----------+-------------------------------------------
     0 | D:1      | KristoblXynda the Draconian Fighter began the quest for the Orb.
     0 | D:1      | Reached XP level 1. HP: 19/19 MP: 1/1
   143 | D:1      | Reached XP level 2. HP: 26/26 MP: 2/2
   638 | D:1      | Reached XP level 3. HP: 31/31 MP: 3/3
   835 | D:2      | Found a shadowy altar of Dithmenos.
   928 | D:2      | Reached XP level 4. HP: 36/38 MP: 4/4
   999 | D:2      | Noticed Ijyb
  1007 | D:2      | Killed Ijyb
  1052 | D:2      | Noticed Robin
  1066 | D:2      | Killed Robin
  1187 | D:2      | Reached XP level 5. HP: 35/45 MP: 5/5
  1627 | D:3      | Reached skill level 5 in Axes
  1631 | D:3      | Reached XP level 6. HP: 43/51 MP: 6/6
  2127 | D:3      | Noticed Sigmund
  2140 | D:3      | Killed Sigmund
  2463 | D:3      | Reached skill level 5 in Shields
  2463 | D:3      | Your scales start taking on a golden yellow colour.
  2463 | D:3      | Reached XP level 7. HP: 53/57 MP: 7/7
  2726 | D:4      | Noticed DEFE's ghost (amateur HEAM)
  2741 | D:4      | Killed DEFE's ghost
  3026 | D:4      | Reached XP level 8. HP: 63/63 MP: 8/8
  3227 | D:5      | Entered Level 5 of the Dungeon
  3278 | D:5      | Found a sand-covered staircase.
  3287 | Ossuary  | Entered an ossuary
  3807 | D:5      | Found Nufeulax's Armour Emporium.
  3810 | D:5      | Bought a +0 pair of gloves for 45 gold pieces
  3810 | D:5      | Bought a +1 cloak for 115 gold pieces
  3916 | D:5      | Found an ancient bone altar of Kikubaaqudgha.
  4344 | D:6      | Found a staircase to the Ecumenical Temple.
  4358 | Temple   | Entered the Ecumenical Temple
  4525 | Temple   | Became a worshipper of Qazlal Stormbringer
  4944 | D:6      | Gained mutation: You passively map a small area around you. [mutagenic meat]
  4945 | D:6      | Gained mutation: Potions and wands are less effective at restoring your health. [mutagenic meat]
  4947 | D:6      | Gained mutation: Scrolls take you a little longer to read. [mutagenic meat]
  4948 | D:6      | Gained mutation: You are frail. (-10% HP) [mutagenic meat]
  5423 | D:7      | Reached XP level 9. HP: 63/63 MP: 9/9
  5453 | D:7      | Found an iron altar of Okawaru.
  5458 | D:7      | Noticed a hill giant
  5480 | D:7      | Killed a hill giant
  5480 | D:7      | Reached skill level 10 in Axes
  5680 | D:7      | Found Kaparir's Assorted Antiques.
  5683 | D:7      | Bought an agate ring for 155 gold pieces
  5823 | D:7      | Reached skill level 1 in Invocations
  6129 | D:7      | HP: 2/63 [hog (10)]
  6606 | D:8      | Reached * piety under Qazlal
  6635 | D:8      | Reached XP level 10. HP: 60/69 MP: 13/13
  7106 | D:8      | Reached skill level 5 in Invocations
  7108 | D:8      | Reached skill level 5 in Dodging
  7366 | D:8      | Found Jevi's Assorted Antiques.
  7543 | D:8      | Found a bloodstained altar of Trog.
  7545 | D:8      | Found a sacrificial altar of Ru.
  7728 | D:9      | Noticed a purple ugly thing
  7739 | D:9      | Killed a purple ugly thing
  7745 | D:9      | Gained mutation: You are resistant to hostile enchantments. (MR+) [mutagenic meat]
  7746 | D:9      | Gained mutation: You have large cloven feet. [mutagenic meat]
  7747 | D:9      | Gained mutation: You have hoof-like feet. [mutagenic meat]
  7748 | D:9      | Gained mutation: Scrolls take you longer to read. [mutagenic meat]
  8081 | D:9      | Reached ** piety under Qazlal
  8488 | D:9      | Found a staircase to the Orcish Mines.
  8566 | D:9      | Found a staircase to the Lair.
  8582 | D:9      | Reached skill level 10 in Shields
  8834 | Lair:1   | Entered Level 1 of the Lair of Beasts
  8881 | Orc:1    | Entered Level 1 of the Orcish Mines
  9205 | D:10     | Entered Level 10 of the Dungeon
  9364 | D:10     | Paralysed by a hornet for 3 turns
  9397 | D:10     | Reached XP level 11. HP: 41/73 MP: 16/16
  9616 | D:10     | Found a portal to a secret trove of treasure.
 10094 | D:11     | Found a runed door.
 10095 | D:11     | Noticed an angel
 10095 | D:11     | Found a glowing silver altar of Zin.
 10099 | D:11     | Noticed a red ugly thing
 10120 | D:11     | Slain by a red ugly thing

Vault maps used:
D:1:      evilmike_arrival_hilbert_curve
D:2:      overflow_temple_1_default, uniq_robin, uniq_iyjb
D:3:      minmay_wonky_spiral, uniq_sigmund
D:4:      first_bread
D:5:      kennysheep_vampire_church, serial_shops, kennysheep_mini_moat,
          nicolae_ossuary_entry_plus, kennysheep_generic_room_15
D:7:      okawaru_ov_weapons_minmay, serial_shops, kennysheep_mini,
          grunt_livestock
D:8:      minitemple, serial_shops, nicolae_shop_statue_plus
D:9:      david_lair_shrubbed, orc_0_dummy, grunt_decor_resistance,
          hangedman_glass_teeth
D:10:     nicolae_trove_entry_path_of_doom
D:11:     lemuel_slime, lemuel_angel_altar
Temple:   eino_temple_scatter_basement
Lair:1:   small_statue_intersection, infiniplex_staircase_pool_2,
          grunt_megastairs_2
Orc:1:    basic_altar, serial_shops, shop, uniq_urug
Ossuary:  ossuary_tomb_1

Skill      XL: |  1  2  3  4  5  6  7  8  9 10 11 |
---------------+----------------------------------+-----
Axes           | 3 4 5 6 7 9 10 | 10.5
Shields        | 4 5 7 8 10 | 10.5
Dodging        | 4 6 |  6.8
Invocations    | 4 6 7 |  7.3
Fighting       | |  3.2

Action                   |  1- 3 |  4- 6 |  7- 9 | 10-12 || total
-------------------------+-------+-------+-------+-------++-------
Melee: War axe           |    70 |   150 |   415 |   378 ||  1013
       Tailslap          |     8 |    17 |    61 |    53 ||   139
       Whip              |    21 |       |       |       ||    21
       Kick              |       |       |       |    43 ||    43
Throw: Throwing net      |       |     1 |     2 |       ||     3
 Abil: Breathe Acid      |       |       |    10 |     9 ||    19
Evoke: Wand              |       |       |     1 |     1 ||     2
  Use: Potion            |     5 |     1 |     2 |     2 ||    10
       Scroll            |       |       |    15 |     3 ||    18
 Stab: Sleeping          |       |     2 |       |       ||     2
  Eat: Chunk             |       |     5 |     8 |     8 ||    21
       Fruit             |       |     1 |     5 |       ||     6
       Meat ration       |       |       |     1 |       ||     1
       Bread ration      |       |       |     1 |       ||     1
       Beef jerky        |       |       |       |     3 ||     3
       Pizza             |       |       |       |     2 ||     2
Armor: Skin              |    40 |    39 |    86 |    91 ||   256
Dodge: Dodged            |    49 |    44 |   138 |   117 ||   348
Block: Shield            |    70 |    82 |   257 |   327 ||   736
